[ AOE2 MATCH · #508072453 ]
UnrankedItalians vs Tupi
Player's team · LOSS
Rival team · WIN
[ REPLAY ANALYSIS · EXTRACTED FROM THE RECORDED GAME ]
Feudal
8:50
Castle
21:32
Imperial
—
| APM avg | 84.2 |
| APM peak | 221 |
| eAPM avg | 31.4 |
| Villagers / military | 103 / 102 |
Focus
⚔️ 47.6% · 🌾 52.4%
Archer ×97 · Militia ×5
Feudal
9:16
Castle
21:25
Imperial
33:42
| APM avg | 101.4 |
| APM peak | 174 |
| eAPM avg | 52.2 |
| Villagers / military | 129 / 90 |
Focus
⚔️ 61.5% · 🌾 38.5%
Archer ×85 · Unknown (2550) ×4 · Monk ×3 · Spearman ×1 · Trebuchet (Packed) ×1
Match map
Initial resources + every placement click. Lines = walls · curves = elevation contours. ◆ gold · ⬟ stone · ● berries · ✦ relic · ◌ wall gap
Your base· Open — opponent sealed themselves in
DS_Ciskhan's base· ✓ Closed at 21:25 · 73t walls · no gate
Smoothed initial terrain · ◌ = detected wall gap · hover for details
Inputs per minute
— Pathing - - DS_Ciskhan
Build order — Pathing
First 150 of 326 actions detected
| 0:00 | Queue | Villager (Male) |
| 0:00 | Queue | Villager (Male) |
| 0:01 | Build | House |
| 0:02 | Build | House |
| 0:10 | Queue | Villager (Male) |
| 0:10 | Queue | Villager (Male) |
| 1:31 | Queue | Villager (Male) |
| 1:31 | Queue | Villager (Male) |
| 1:53 | Build | Lumber Camp |
| 1:54 | Queue | Villager (Male) |
| 1:55 | Queue | Villager (Male) |
| 2:24 | Queue | Villager (Male) |
| 2:24 | Queue | Villager (Male) |
| 2:48 | Queue | Villager (Male) |
| 2:48 | Queue | Villager (Male) |
| 3:08 | Build | House |
| 3:12 | Queue | Villager (Male) |
| 3:12 | Queue | Villager (Male) |
| 3:30 | Queue | Villager (Male) |
| 3:30 | Queue | Villager (Male) |
| 3:31 | Queue | Villager (Male) |
| 3:57 | Queue | Villager (Male) |
| 3:57 | Queue | Villager (Male) |
| 4:22 | Queue | Villager (Male) |
| 4:22 | Queue | Villager (Male) |
| 4:40 | Queue | Villager (Male) |
| 5:22 | Queue | Villager (Male) |
| 5:24 | Research | Loom |
| 5:29 | Build | Barracks |
| 5:44 | Build | House |
| 6:05 | Build | House |
| 6:10 | Build | House |
| 6:28 | Research | Feudal Age |
| 6:29 | Queue | Militia |
| 6:42 | Queue | Militia |
| 6:58 | Queue | Militia |
| 6:59 | Queue | Militia |
| 7:27 | Build | Mining Camp |
| 7:37 | Queue | Militia |
| 8:03 | Queue | Villager (Male) |
| 8:50 | Age | Feudal Age |
| 8:51 | Build | Archery Range |
| 8:59 | Research | Man-at-Arms (upgrade) |
| 9:02 | Queue | Villager (Male) |
| 9:12 | Research | Double-Bit Axe |
| 9:18 | Build | Palisade Wall |
| 9:19 | Build | Palisade Wall |
| 9:27 | Queue | Villager (Male) |
| 9:31 | Build | House |
| 9:32 | Build | Palisade Wall |
| 9:32 | Build | Palisade Wall |
| 9:50 | Queue | Villager (Male) |
| 9:55 | Build | Palisade Wall |
| 10:05 | Queue | Archer |
| 10:05 | Queue | Archer |
| 10:12 | Queue | Villager (Male) |
| 10:19 | Build | Mill |
| 10:21 | Queue | Villager (Male) |
| 10:24 | Build | Palisade Wall |
| 10:36 | Queue | Villager (Male) |
| 10:47 | Queue | Archer |
| 11:32 | Queue | Villager (Male) |
| 11:32 | Queue | Archer |
| 11:47 | Queue | Villager (Male) |
| 12:01 | Queue | Archer |
| 12:16 | Build | Blacksmith |
| 12:19 | Build | House |
| 12:21 | Queue | Villager (Male) |
| 12:26 | Queue | Archer |
| 12:26 | Queue | Archer |
| 12:37 | Build | Farm |
| 12:48 | Queue | Villager (Male) |
| 12:50 | Build | Farm |
| 12:55 | Build | Farm |
| 13:00 | Queue | Archer |
| 13:16 | Build | Farm |
| 13:21 | Queue | Villager (Male) |
| 13:23 | Build | House |
| 13:34 | Research | Fletching |
| 13:35 | Queue | Archer |
| 13:48 | Queue | Villager (Male) |
| 13:59 | Build | Farm |
| 14:06 | Queue | Archer |
| 14:11 | Queue | Villager (Male) |
| 14:19 | Build | Farm |
| 14:26 | Build | Farm |
| 14:33 | Queue | Villager (Male) |
| 14:37 | Queue | Archer |
| 14:41 | Build | House |
| 14:44 | Build | Farm |
| 14:51 | Queue | Villager (Male) |
| 15:07 | Queue | Archer |
| 15:18 | Queue | Villager (Male) |
| 15:21 | Build | House |
| 15:22 | Research | Padded Archer Armor |
| 15:25 | Build | Farm |
| 15:36 | Queue | Villager (Male) |
| 15:41 | Build | Farm |
| 15:44 | Queue | Archer |
| 15:52 | Build | Palisade Wall |
| 15:57 | Queue | Villager (Male) |
| 16:00 | Build | Farm |
| 16:08 | Build | Palisade Wall |
| 16:09 | Build | House |
| 16:18 | Queue | Archer |
| 16:23 | Queue | Villager (Male) |
| 16:31 | Queue | Villager (Male) |
| 16:33 | Build | Farm |
| 16:43 | Build | Stone Wall |
| 16:48 | Build | Watch Tower |
| 16:53 | Queue | Villager (Male) |
| 16:55 | Queue | Archer |
| 17:07 | Queue | Villager (Male) |
| 17:14 | Build | Farm |
| 17:30 | Build | Farm |
| 17:34 | Build | House |
| 17:36 | Queue | Villager (Male) |
| 17:42 | Queue | Villager (Male) |
| 17:48 | Build | House |
| 17:52 | Queue | Archer |
| 18:03 | Build | House |
| 18:39 | Build | Lumber Camp |
| 18:44 | Build | House |
| 18:52 | Research | Castle Age |
| 18:52 | Research | Castle Age |
| 19:13 | Build | Archery Range |
| 19:18 | Build | House |
| 19:29 | Queue | Archer |
| 19:59 | Queue | Archer |
| 20:03 | Build | House |
| 20:07 | Research | Gold Mining |
| 20:12 | Queue | Archer |
| 20:22 | Queue | Archer |
| 20:22 | Queue | Archer |
| 20:40 | Queue | Archer |
| 20:40 | Queue | Archer |
| 20:43 | Build | House |
| 20:58 | Queue | Archer |
| 21:08 | Queue | Villager (Male) |
| 21:10 | Build | Lumber Camp |
| 21:32 | Age | Castle Age |
| 21:34 | Research | Crossbowman (upgrade) |
| 21:35 | Research | Bodkin Arrow |
| 21:44 | Research | Bow Saw |
| 21:50 | Build | University |
| 21:51 | Queue | Villager (Male) |
| 21:52 | Queue | Archer |
| 22:13 | Queue | Villager (Male) |
| 22:14 | Queue | Archer |
| 22:24 | Build | House |
Build order — DS_Ciskhan
First 150 of 338 actions detected
| 0:01 | Queue | Villager (Male) |
| 0:02 | Build | House |
| 0:04 | Build | House |
| 0:06 | Queue | Villager (Male) |
| 0:06 | Queue | Villager (Male) |
| 0:07 | Queue | Villager (Male) |
| 1:19 | Queue | Villager (Male) |
| 1:20 | Queue | Villager (Male) |
| 1:42 | Queue | Villager (Male) |
| 1:42 | Queue | Villager (Male) |
| 1:53 | Queue | Villager (Male) |
| 1:53 | Queue | Villager (Male) |
| 1:55 | Build | Settlement |
| 2:42 | Queue | Villager (Male) |
| 2:42 | Queue | Villager (Male) |
| 2:56 | Queue | Villager (Male) |
| 3:41 | Queue | Villager (Male) |
| 3:41 | Queue | Villager (Male) |
| 3:41 | Queue | Villager (Male) |
| 3:56 | Queue | Villager (Male) |
| 4:22 | Build | Settlement |
| 4:35 | Queue | Villager (Male) |
| 4:52 | Queue | Villager (Male) |
| 4:52 | Queue | Villager (Male) |
| 5:00 | Queue | Villager (Male) |
| 5:00 | Queue | Villager (Male) |
| 5:00 | Queue | Villager (Male) |
| 5:21 | Research | Loom |
| 5:27 | Queue | Villager (Male) |
| 5:27 | Queue | Villager (Male) |
| 5:27 | Research | Loom |
| 5:38 | Build | Palisade Wall |
| 6:27 | Build | Barracks |
| 6:55 | Research | Feudal Age |
| 6:55 | Research | Feudal Age |
| 7:14 | Queue | Unit 2550 |
| 7:35 | Queue | Unit 2550 |
| 7:36 | Queue | Unit 2550 |
| 7:40 | Build | Settlement |
| 7:51 | Queue | Unit 2550 |
| 8:49 | Build | Palisade Wall |
| 8:51 | Build | Palisade Wall |
| 8:52 | Build | Palisade Wall |
| 9:05 | Build | Palisade Wall |
| 9:06 | Build | Palisade Wall |
| 9:08 | Build | Palisade Wall |
| 9:13 | Queue | Villager (Male) |
| 9:16 | Build | Palisade Wall |
| 9:16 | Age | Feudal Age |
| 9:22 | Research | Tech 1402 |
| 9:23 | Queue | Villager (Male) |
| 9:30 | Build | Archery Range |
| 9:33 | Research | Double-Bit Axe |
| 9:44 | Queue | Villager (Male) |
| 9:50 | Queue | Spearman |
| 9:57 | Build | House |
| 10:18 | Queue | Villager (Male) |
| 10:20 | Build | Farm |
| 10:22 | Queue | Archer |
| 10:28 | Queue | Villager (Male) |
| 11:00 | Queue | Villager (Male) |
| 11:00 | Queue | Villager (Male) |
| 11:12 | Queue | Villager (Male) |
| 11:16 | Queue | Archer |
| 11:23 | Queue | Villager (Male) |
| 11:33 | Queue | Villager (Male) |
| 11:34 | Queue | Archer |
| 11:42 | Build | Blacksmith |
| 12:21 | Queue | Archer |
| 12:25 | Build | Palisade Wall |
| 12:26 | Build | Palisade Wall |
| 12:28 | Research | Fletching |
| 12:30 | Build | Palisade Wall |
| 12:51 | Queue | Villager (Male) |
| 12:51 | Queue | Villager (Male) |
| 12:51 | Queue | Villager (Male) |
| 12:52 | Build | Farm |
| 12:54 | Build | Farm |
| 13:00 | Queue | Archer |
| 13:00 | Queue | Archer |
| 13:08 | Queue | Villager (Male) |
| 13:13 | Build | House |
| 13:14 | Build | Palisade Wall |
| 13:25 | Research | Horse Collar |
| 13:25 | Research | Horse Collar |
| 13:28 | Queue | Villager (Male) |
| 13:43 | Queue | Archer |
| 14:06 | Queue | Villager (Male) |
| 14:08 | Build | Farm |
| 14:16 | Queue | Archer |
| 14:18 | Build | Palisade Wall |
| 14:24 | Queue | Villager (Male) |
| 14:32 | Build | House |
| 14:41 | Queue | Villager (Male) |
| 14:41 | Queue | Villager (Male) |
| 14:41 | Queue | Villager (Male) |
| 14:42 | Build | Farm |
| 14:44 | Build | Farm |
| 15:05 | Build | Palisade Wall |
| 15:05 | Build | Palisade Wall |
| 15:21 | Build | House |
| 15:21 | Queue | Archer |
| 15:21 | Queue | Archer |
| 15:23 | Queue | Villager (Male) |
| 15:27 | Queue | Villager (Male) |
| 15:28 | Build | Farm |
| 15:30 | Build | Farm |
| 15:34 | Build | Palisade Wall |
| 15:38 | Queue | Villager (Male) |
| 15:47 | Build | Palisade Wall |
| 15:48 | Build | Palisade Wall |
| 15:49 | Build | Palisade Wall |
| 16:00 | Build | Palisade Wall |
| 16:01 | Queue | Archer |
| 16:02 | Queue | Archer |
| 16:14 | Build | Farm |
| 16:21 | Build | Farm |
| 16:33 | Build | Farm |
| 16:40 | Queue | Archer |
| 16:56 | Build | Farm |
| 17:07 | Queue | Villager (Male) |
| 17:09 | Build | Farm |
| 17:17 | Queue | Archer |
| 17:27 | Build | House |
| 17:27 | Build | House |
| 17:39 | Build | Farm |
| 17:50 | Build | Farm |
| 17:57 | Build | Farm |
| 18:03 | Queue | Archer |
| 18:28 | Build | Settlement |
| 18:45 | Research | Castle Age |
| 19:04 | Queue | Archer |
| 19:04 | Queue | Archer |
| 19:25 | Research | Gold Mining |
| 19:25 | Research | Gold Mining |
| 19:55 | Queue | Archer |
| 20:08 | Build | Archery Range |
| 20:38 | Queue | Archer |
| 20:38 | Queue | Archer |
| 20:41 | Research | Padded Archer Armor |
| 21:06 | Build | House |
| 21:25 | Age | Castle Age |
| 21:27 | Research | Bodkin Arrow |
| 21:28 | Research | Crossbowman (upgrade) |
| 21:28 | Research | Crossbowman (upgrade) |
| 21:29 | Queue | Villager (Male) |
| 21:32 | Research | Bow Saw |
| 21:45 | Queue | Villager (Male) |
| 21:51 | Queue | Villager (Male) |
| 21:56 | Build | Town Center |
Match timeline
| 5:29 | Pathing · first_building Barracks |
| 5:38 | DS_Ciskhan · wall_segment Palisade Wall x1 |
| 6:27 | DS_Ciskhan · first_building Barracks |
| 8:49 | DS_Ciskhan · wall_segment Palisade Wall x1 |
| 8:50 | Pathing · age_up feudal |
| 8:51 | DS_Ciskhan · wall_segment Palisade Wall x1 |
| 8:51 | Pathing · first_building Archery Range |
| 8:52 | DS_Ciskhan · wall_segment Palisade Wall x1 |
| 9:05 | DS_Ciskhan · wall_segment Palisade Wall x1 |
| 9:06 | DS_Ciskhan · wall_segment Palisade Wall x1 |
| 9:08 | DS_Ciskhan · wall_segment Palisade Wall x1 |
| 9:16 | DS_Ciskhan · wall_segment Palisade Wall x2 |
| 9:16 | DS_Ciskhan · age_up feudal |
| 9:18 | Pathing · wall_segment Palisade Wall x1 |
| 9:19 | Pathing · wall_segment Palisade Wall x1 |
| 9:30 | DS_Ciskhan · first_building Archery Range |
| 9:32 | Pathing · wall_segment Palisade Wall x1 |
| 9:32 | Pathing · wall_segment Palisade Wall x1 |
| 9:55 | Pathing · wall_segment Palisade Wall x1 |
| 10:24 | Pathing · wall_segment Palisade Wall x1 |
| 12:25 | DS_Ciskhan · wall_segment Palisade Wall x6 |
| 12:26 | DS_Ciskhan · wall_segment Palisade Wall x1 |
| 12:30 | DS_Ciskhan · wall_segment Palisade Wall x1 |
| 13:14 | DS_Ciskhan · wall_segment Palisade Wall x1 |
| 14:18 | DS_Ciskhan · wall_segment Palisade Wall x10 |
| 15:05 | DS_Ciskhan · wall_segment Palisade Wall x2 |
| 15:05 | DS_Ciskhan · wall_segment Palisade Wall x1 |
| 15:34 | DS_Ciskhan · wall_segment Palisade Wall x17 |
| 15:47 | DS_Ciskhan · wall_segment Palisade Wall x1 |
| 15:48 | DS_Ciskhan · wall_segment Palisade Wall x1 |
| 15:49 | DS_Ciskhan · wall_segment Palisade Wall x8 |
| 15:52 | Pathing · wall_segment Palisade Wall x4 |
| 16:00 | DS_Ciskhan · wall_segment Palisade Wall x17 |
| 16:08 | Pathing · wall_segment Palisade Wall x1 |
| 16:43 | Pathing · wall_segment Stone Wall x1 |
| 21:25 | DS_Ciskhan · age_up castle |
| 21:32 | Pathing · age_up castle |
| 26:02 | Pathing · first_market_sell 100 wood |
| 26:56 | Pathing · first_market_buy 100 stone |
| 30:09 | DS_Ciskhan · first_building Monastery |
| 30:31 | DS_Ciskhan · first_market_sell 100 food |
| 33:12 | DS_Ciskhan · first_building Castle |
| 33:35 | Pathing · first_building Monastery |
| 33:42 | DS_Ciskhan · age_up imperial |
| 35:18 | Pathing · resign |
[ AI ANALYSIS · 1 CREDIT ]
What really happened in this match?
Wolo.gg analyzes every decision: build order, eco, micro, common mistakes by bracket. Personalized analysis on WhatsApp or Discord in 30 seconds.
Civ guide
Italians
Perfil
Jugador #2573480